 Dungeon Crawl Stone Soup version 0.29.0-4-gdea44cf6ec (webtiles) character file.

Game seed: 8672732019274249486

15 qw the Sneak (level 2, -1/19 HPs)
             Began as a Gargoyle Delver on Sept 10, 2022.
             Slain by an iguana (5 damage)
             ... on level 5 of the Dungeon.
             The game lasted 00:00:05 (424 turns).

qw the Sneak (Gargoyle Delver)                       Turns: 424, Time: 00:00:05

Health: -1/19      AC:  7    Str: 15    XL:     2   Next: 50%
Magic:  2/2        EV: 10    Int: 10    God:
Gold:   0          SH:  0    Dex: 11    Spells: 1/1 levels left

rFire   . . .      SeeInvis .   a - +0 hand axe
rCold   . . .      Faith    .   (no shield)
rNeg    + . .      Spirit   .   h - +0 ring mail
rPois   inf        Reflect  .   (no helmet)
rElec   +          Harm     .   (no cloak)
rCorr   .          Rampage  .   (no gloves)
Will    .....                   (no boots)
Stlth   ++........              (no amulet)
HPRegen 0.06/turn               (no ring)
MPRegen 0.08/turn               (no ring)

@: no status effects
A: sickness immunity, AC +2, negative energy resistance 1, electricity
resistance, torment resistance 1, petrification resistance
a: no special abilities


You were on level 5 of the Dungeon.
You visited 1 branch of the dungeon, and saw 1 of its levels.


Innate Abilities, Weirdness & Mutations

You are immune to sickness and miasma.
Your stone body is resilient. (AC +2)
You are immune to poison.
You resist negative energy. (rN+)
You are resistant to electric shocks. (rElec)
You are resistant to unholy torment.
You are immune to petrification.


   Skills:
 - Level 3.2 Fighting
 + Level 2.7 Axes
 - Level 1.5 Dodging
 - Level 5.4 Stealth


You had one spell level left.
You didn't know any spells.
Your spell library was empty.

Inventory:

Hand Weapons
 a - a +0 hand axe (weapon)
Armour
 h - a +0 ring mail (worn)
Wands
 g - a wand of digging (3)
Potions
 f - a potion of haste

Dungeon Overview and Level Annotations

Branches:
Dungeon (5/15)             Temple (0/1) D:5

Altars:


Message History

404 ||| DROPPING scroll of fog.
You drop a scroll of fog.
405 ||| DROPPING scroll of magic mapping.
You drop a scroll of magic mapping.
406 ||| DROPPING scroll of fear.
You drop a scroll of fear.
(D) Dungeon (T) Temple
Where to? (* - list waypoints, ? - help)
Found 10 gold pieces.
An iguana comes into view.
The iguana hisses angrily.
You slash the iguana!
The iguana is heavily wounded.
The iguana bites you!
You hit the iguana but do no damage.
The iguana is heavily wounded.
The iguana bites you. The iguana barely misses you.
You closely miss the iguana.
The iguana is heavily wounded.
The iguana barely misses you.
You closely miss the iguana.
The iguana is heavily wounded.
The iguana closely misses you.
You barely miss the iguana.
The iguana is heavily wounded.
The iguana closely misses you.
You completely miss the iguana.
The iguana is heavily wounded.
The iguana bites you but does no damage.
You barely miss the iguana.
The iguana is heavily wounded.
The iguana bites you.
You hit the iguana but do no damage.
The iguana is heavily wounded.
The iguana closely misses you. x2
You closely miss the iguana.
The iguana is heavily wounded.
The iguana barely misses you.
You hit the iguana.
The iguana is heavily wounded.
The iguana bites you.
You die...

..... #.......#
........#.}.#..
......#.......#
...#...}.>.}..
#...#.......#
#.....#.}.#..
#.###.#.l......#
#.$.....@.#.#..
######..#.....#
....../....#....
#######?##......
#.# #..### #.##
#.# #..###.#
########.#...###.#
+................#


You could see an iguana.

Vanquished Creatures
  A shadow imp (D:5)
  A white imp (D:5)
2 creatures vanquished.

Notes
Turn   | Place    | Note
-------+----------+-------------------------------------------
     0 | D:5      | qw the Gargoyle Delver began the quest for the Orb.
     0 | D:5      | Reached XP level 1. HP: 14/14 MP: 1/1
     0 | D:5      | 0 ||| qw: Version: 0.1-a-116-g5d60599
     0 | D:5      | 0 ||| qw: Game counter: 8774
     0 | D:5      | 0 ||| qw: Always use a shield: true
     0 | D:5      | 0 ||| qw: God list: Okawaru
     0 | D:5      | 0 ||| qw: Allow faded altars: false
     0 | D:5      | 0 ||| qw: Do Orc after D:15 true
     0 | D:5      | 0 ||| qw: Do second Lair branch before Depths: true
     0 | D:5      | 0 ||| qw: Lair rune preference: random
     0 | D:5      | 0 ||| qw: Plans: Normal
     0 | D:5      | 0 ||| PLANNING D:1-11
    13 | D:5      | 13 ||| Stepping ~*~*~tactically~*~*~ (hiding).
    23 | D:5      | HP: 3/14 [shadow imp (2)]
    26 | D:5      | Reached XP level 2. HP: 4/19 MP: 2/2
    61 | D:5      | Noticed a scorpion
    62 | D:5      | 62 ||| Stepping ~*~*~tactically~*~*~ (stealth).
    63 | D:5      | 63 ||| Stepping ~*~*~tactically~*~*~ (stealth).
    69 | D:5      | 69 ||| Stepping ~*~*~tactically~*~*~ (stealth).
   124 | D:5      | HP: 3/19 [white imp/puff of frost (7)]
   392 | D:5      | Found a staircase to the Ecumenical Temple.
   393 | D:5      | 393 ||| PLANNING TEMPLE
   393 | D:5      | 393 ||| UPGRADING to +0 ring mail.
   403 | D:5      | 403 ||| DROPPING +0 leather armour.
   404 | D:5      | 404 ||| DROPPING scroll of fog.
   405 | D:5      | 405 ||| DROPPING scroll of magic mapping.
   406 | D:5      | 406 ||| DROPPING scroll of fear.
   421 | D:5      | HP: 4/19 [iguana (6)]
   424 | D:5      | Slain by an iguana

Levels and vault maps discovered:
D:5:      layout_basic, zin_angel, minmay_temple_entry_sparse_star,
          serial_undead, serial_undead_f, serial_undead_f, serial_undead_b,
          serial_undead_a, st_stairs_4, minmay_misc_feat_alley,
          dk_noncrumbling_4, minmay_tree_intersection, uniq_sigmund

Skill      XL: |  1 |
---------------+----+-----
Axes           | 2 |  2.7
Fighting       | |  3.2
Dodging        | |  1.5
Stealth        | |  5.4

Action                   || total
-------------------------++-------
Melee: Hand axe          ||    23
Armor: Leather armour    ||     4
       Ring mail         ||     1
Dodge: Dodged            ||    13

Table legend:
 A = Non-vault XP
 B = Vault XP
 C = Vault XP percentage of total XP
 D = Non-vault monster count
 E = Vault monster count
 F = Vault count percentage of total count
                 A         B        C        D         E       F
            +---------+---------+-------+---------+---------+-------
      Total |      22 |       0 |   0.0 |       2 |       0 |   0.0
            +---------+---------+-------+---------+---------+-------
        D:5 |      22 |       0 |   0.0 |       2 |       0 |   0.0
            +---------+---------+-------+---------+---------+-------
